 Dungeon Crawl Stone Soup version 0.29.1-13-g9f3cf754e1 (webtiles) character file.

Game seed: 17419143707356671821

56 Thatpatchoflichen the Shooter (level 4, -1/28 HPs)
             Began as a Kobold Hunter on Jan 22, 2023.
             Slain by an ogre
             ... wielding a +0 giant spiked club
              (19 damage)
             ... on level 4 of the Dungeon.
             The game lasted 00:06:08 (1459 turns).

Thatpatchoflichen the Shooter (Kobold Hunter)       Turns: 1459, Time: 00:06:08

Health: -1/28      AC:  5    Str:  8    XL:     4   Next: 17%
Magic:  4/4        EV: 15    Int: 10    God:
Gold:   133        SH:  0    Dex: 20    Spells: 3/3 levels left

rFire   . . .      SeeInvis .   a - +0 shortbow
rCold   . . .      Faith    .   (shield currently unavailable)
rNeg    . . .      Spirit   .   c - +0 leather armour
rPois   .          Reflect  .   (no helmet)
rElec   .          Harm     .   (no cloak)
rCorr   .          Rampage  .   k - +0 pair of gloves
Will    .....                   p - +0 pair of boots
Stlth   +++.......              (no amulet)
HPRegen 0.09/turn               h - ring of flight
MPRegen 0.09/turn               (no ring)

@: flying
A: small, no large weapons, nightstalker 3
a: no special abilities


You were on level 4 of the Dungeon.
You visited 1 branch of the dungeon, and saw 4 of its levels.

You collected 133 gold pieces.

Inventory:

Hand Weapons
 a - a +0 shortbow (weapon)
Missiles
 f - 2 poisoned darts
 o - 3 curare-tipped darts
Armour
 c - a +0 leather armour (worn)
 k - a +0 pair of gloves (worn)
 p - a +0 pair of boots (worn)
Magical Staves
 n - a staff of earth
Jewellery
 h - a ring of flight (left hand)
Scrolls
 b - a scroll of immolation
 i - a scroll of identify {unknown}
 j - a scroll of blinking {unknown}
 l - a scroll of poison {unknown}
 m - a scroll of brand weapon {unknown}
 q - a scroll of torment {unknown}
Potions
 d - a potion of ambrosia {unknown}
 e - a potion of heal wounds {unknown}
 g - a potion of magic {unknown}
 r - a potion of curing {unknown}
 s - a potion of resistance {unknown}


   Skills:
 + Level 3.1 Fighting
 + Level 5.9 Ranged Weapons
 + Level 3.3 Dodging
 - Level 2.0 Stealth


You had 3 spell levels left.
You didn't know any spells.
Your spell library contained the following spells:

 Spells                   Type           Power      Damage    Failure   Level
 Call Canine Familiar     Summ           0%         N/A       86%         3
 Portal Projectile        Hex/Tloc       0%         N/A       86%         3
 Leda's Liquefaction      Hex/Erth       0%         N/A       99%         4


Dungeon Overview and Level Annotations

Branches:
Dungeon (3/15)

Altars:


Innate Abilities, Weirdness & Mutations

You are small and have problems with some larger weapons.
You are completely attuned to the shadows.


Message History

Press: ? - help, Q - select action, (/) - cycle Shift-Dir - straight line, f/p - goblin
Aim: a goblin, wielding a +0 dagger (severely wounded, 59% to hit)
You shoot an arrow. The arrow closely misses the goblin.
You hear a shout!
An ogre comes into view. It is wielding a +0 giant spiked club.
The goblin hits you with a +0 dagger. The goblin hits you but does no damage.
The goblin attacks as you move away! The goblin barely misses you.
You reach down and open the door.
The goblin misses you.
There is an open door here.
Fire: a) +0 shortbow
Press: ? - help, Q - select action, (/) - cycle Shift-Dir - straight line, f/p - goblin
Aim: a goblin, wielding a +0 dagger (severely wounded, 59% to hit)
You shoot an arrow. The arrow hits the goblin.
You kill the goblin!
Fire: a) +0 shortbow
Press: ? - help, Q - select action, (/) - cycle Shift-Dir - straight line, f - ogre
Aim: an ogre, wielding a +0 giant spiked club (78% to hit)
You shoot an arrow. The arrow hits the ogre!
The ogre is moderately wounded.
Fire: a) +0 shortbow
Press: ? - help, Q - select action, (/) - cycle Shift-Dir - straight line, f/p - ogre
Aim: an ogre, wielding a +0 giant spiked club (moderately wounded, 78% to hit)
You shoot an arrow. The arrow hits the ogre!
The ogre is severely wounded.
The ogre barely misses you.
Fire: a) +0 shortbow
Press: ? - help, Q - select action, (/) - cycle Shift-Dir - straight line, f/p - ogre
Aim: an ogre, wielding a +0 giant spiked club (severely wounded, 78% to hit)
You shoot an arrow. The arrow hits the ogre!
The ogre is almost dead.
The ogre hits you with a +0 giant spiked club!
Fire: a) +0 shortbow
Press: ? - help, Q - select action, (/) - cycle Shift-Dir - straight line, f/p - ogre
Aim: an ogre, wielding a +0 giant spiked club (almost dead, 78% to hit)
You shoot an arrow.
The arrow hits the ogre but does no damage.
The ogre is almost dead.
The ogre hits you with a +0 giant spiked club!!
Ouch! That really hurt!
You die...

.##.####...###†#....
. #.# ... ##.##...
... #...#...
+...+... ###'#....
#....... #.).....
#..O.... #..@....
#....... #.......
#####... ...


You could see an ogre.

Vanquished Creatures
  2 worms (D:2)
  A dart slug (D:1)
  An orc (D:4)
  4 ball pythons
  7 bats
  3 endoplasms
  2 giant cockroaches
  6 goblins
  7 hobgoblins
  2 quokkas (D:1)
  A frilled lizard (D:1)
  4 kobolds
  3 rats (D:1)
43 creatures vanquished.

Vanquished Creatures (others)
  8 toadstools (D:2)
8 creatures vanquished.

Grand Total: 51 creatures vanquished

Notes
Turn   | Place    | Note
-------+----------+-------------------------------------------
     0 | D:1      | Thatpatchoflichen the Kobold Hunter began the quest for the
                  | Orb.
     0 | D:1      | Reached XP level 1. HP: 12/12 MP: 1/1
   233 | D:1      | Reached XP level 2. HP: 18/18 MP: 2/2
   370 | D:1      | Reached XP level 3. HP: 22/22 MP: 3/3
  1091 | D:3      | Found a faded altar of an unknown god.
  1290 | D:2      | Reached XP level 4. HP: 28/28 MP: 4/4
  1408 | D:2      | You are sucked into a shaft and drop 2 floors!
  1446 | D:4      | Noticed an ogre
  1459 | D:4      | Slain by an ogre

Illustrated notes

Levels and vault maps discovered:
D:1:      giann_forest_graveyard, layout_basic, kennysheep_pointless_box,
          minmay_domino_2
D:2:      cheibrodos_fertilizer, layout_rooms, serial_shops, shop_coins
D:3:      layout_rooms, nicolae_ru_sacrificial_ziggurat, basic_ecumenical_altar,
          minmay_misc_feat_rugged
D:4:      layout_gridville, minmay_temple_entry_statues_fountains,
          grunt_decor_junction, grunt_ministairs_15

Skill      XL: |  1  2  3 |
---------------+----------+-----
Stealth        | 2 |  2.0
Dodging        | 3 |  3.3
Fighting       | 3 |  3.1
Ranged Weapons | |  5.9

Action                   |  1- 3 |  4- 6 || total
-------------------------+-------+-------++-------
 Fire: Shortbow          |   105 |    23 ||   128
Armor: Leather armour    |     7 |     4 ||    11
Dodge: Dodged            |    42 |    11 ||    53
